 Dungeon Crawl Stone Soup version 0.15-a0-1908-g87eb2c0 (console) character file.

1603956 perunasaurus the Sensei (level 27, 402/402 HPs)
             Began as a Naga Transmuter on July 6, 2014.
             Was a High Priest of Okawaru.
             Escaped with the Orb
             ... and 3 runes!
             The game lasted 05:29:57 (80000 turns).

perunasaurus the Sensei (Naga Transmuter)          Turns: 80000, Time: 05:29:57

HP 402/402       AC 49     Str 19      XL: 27
MP  34/36        EV 37     Int 20      God: Okawaru [*****.]
Gold 5421        SH  0     Dex 28      Spells: 12 memorised, 10 levels left

rFire  + + +     SeeInvis +       - Unarmed
rCold  . . .     Clarity  .     N - +4 fire dragon armour
rNeg   . . .     rCorr    .     (no shield)
rPois  +         rRot     .     C - +0 helmet "Frid" {rF+ Slay+2}
rElec  +         Spirit   .     r - +4 cloak "Mneuthon" {Int+3}
SustAb .         Warding  .     D - +0 pair of gloves
rMut   +         Stasis   .     l - +4 naga barding "Pyacevoseo" {+Rage rElec Int+3 Curse}
Gourm  .                        X - amulet of resist mutation
MR     +++..                    m - ring of protection from cold
                                y - ring of flight

@: agile, berserking, heroism, repel missiles, quick, extremely resistant to
hostile enchantments, extremely unstealthy
A: spit poison, constrict 1, see invisible, deformed body, poison resistance,
slowness 2, AC +9
a: Spit Poison, Heroism, Finesse, Renounce Religion, Evoke Berserk Rage, Evoke
Flight
0: Orb of Zot
}: 3/15 runes: decaying, serpentine, silver


You escaped.
You worshipped Okawaru.
Okawaru was extremely pleased with you.
You were not hungry.

You visited 10 branches of the dungeon, and saw 56 of its levels.
You visited the Abyss 1 time.
You also visited: Bailey.

You collected 8892 gold pieces.
You spent 3471 gold pieces at shops.

Inventory:

Hand weapons
 a - a +6 blowgun
Missiles
 n - 1333 stones (quivered)
 A - 21 curare-tipped needles
Armour
 l - the +4 naga barding "Pyacevoseo" (worn) {+Rage rElec Int+3 Curse}
   (Okawaru gifted it to you on level 1 of the Vaults)

   It affects your intelligence (+3).
   It insulates you from electricity.
   It lets you go berserk.
   It may recurse itself when equipped.
 r - the +4 cloak "Mneuthon" (worn) {Int+3}
   (You bought it in a shop on level 4 of the Orcish Mines)

   It affects your intelligence (+3).
 C - the +0 helmet "Frid" (worn) {rF+ Slay+2}
   (Okawaru gifted it to you on level 5 of the Realm of Zot)

   It affects your accuracy and damage with ranged weapons and melee attacks
   (+2).
   It protects you from fire.
 D - a +0 pair of gloves (worn)
 N - a +4 fire dragon armour (worn)
 O - a +2 helmet of intelligence
Magical devices
 c - a wand of disintegration (5) {!v}
 j - a wand of teleportation (5) {!v}
 J - a wand of digging (3) {!v}
 P - a wand of hasting (5) {!v}
Comestibles
 h - 30 fruits {!e}
 i - a royal jelly {!e}
 E - 16 bread rations {!e}
 K - 2 meat rations {!e}
Scrolls
 d - 7 scrolls of vulnerability {!r}
 k - 6 scrolls of teleportation {!r}
 p - 3 scrolls of identify {!r}
 s - 2 scrolls of fog {!r}
 u - 18 scrolls of remove curse {!r}
 w - 6 scrolls of blinking {!r}
 z - 3 scrolls of fear {!r}
 F - 2 scrolls of silence {!r}
 H - a scroll of holy word {!r}
 S - a scroll of recharging {!r}
Jewellery
 e - an uncursed amulet of stasis
 g - a +3 ring of protection
 m - a ring of protection from cold (right hand)
 o - an uncursed ring of positive energy
 v - an uncursed amulet of clarity
 y - a ring of flight (left hand)
 U - the amulet of Sismerip {rCorr rF+}
   (You took it off a deep elf death mage on level 3 of the Elven Halls)

   [amulet of resist corrosion]

   It protects you from acid and corrosion.
   It protects you from fire.
 X - an amulet of resist mutation (around neck)
 Z - an uncursed amulet of the gourmand
Potions
 b - 3 potions of agility {!q}
 f - 13 potions of curing {!q}
 t - 3 potions of resistance {!q}
 x - a potion of heal wounds {!q}
 G - 10 potions of magic {!q}
 L - a potion of cure mutation {!q}
 M - 2 potions of invisibility {!q}
 T - a potion of haste {!q}
 Y - 2 potions of lignification {!q}
Books
 q - a book of Beasts

   Spells                             Type                      Level
   *Summon Butterflies                Summoning                    1
   Call Canine Familiar               Summoning                    3
   Summon Ice Beast                   Ice/Summoning                4
   Summon Mana Viper                  Hexes/Summoning              5
   Monstrous Menagerie                Summoning                    6
   Summon Hydra                       Summoning                    7
 R - a book of Spatial Translocations

   Spells                             Type                      Level
   *Apportation                       Translocation                1
   *Blink                             Translocation                2
   Shroud of Golubria                 Charms/Translocation         2
   Portal Projectile                  Translocation                3
   Teleport Other                     Translocation                3
   Passage of Golubria                Translocation                4
Miscellaneous
 B - a lamp of fire
 I - a phial of floods
 V - a phial of floods
 W - a sack of spiders


   Skills:
 - Level 20.0(25.0) Fighting
 - Level 20.0(25.0) Armour
 + Level 20.2(25.2) Dodging
 - Level 22.0(27) Unarmed Combat
 - Level 6.0 Spellcasting
 - Level 5.0 Charms
 - Level 5.0 Necromancy
 - Level 2.9 Translocations
 - Level 12.2 Transmutations
 - Level 3.0 Poison Magic
 - Level 6.0 Invocations
 - Level 10.0 Evocations


You had 10 spell levels left.
You knew the following spells:

 Your Spells              Type           Power        Failure   Level  Hunger
a - Beastly Appendage     Trmt           ######       1%          1    None
b - Sticks to Snakes      Trmt           ######....   1%          2    None
c - Spider Form           Trmt/Pois      #####.....   1%          3    ##.....
d - Blade Hands           Trmt           ######....   2%          5    #####..
e - Ice Form              Ice/Trmt       ####......   12%         4    ####...
f - Swiftness             Chrm/Air       ###.....     8%          2    None
g - Corpse Rot            Necr           N/A          1%          2    None
h - Repel Missiles        Chrm/Air       ###...       8%          2    None
i - Blink                 Tloc           N/A          8%          2    None
j - Regeneration          Chrm/Necr      ####......   4%          3    ##.....
k - Summon Butterflies    Summ           #.......     12%         1    None
l - Apportation           Tloc           ###.......   4%          1    None


Dungeon Overview and Level Annotations

Branches:
Dungeon (15/15)            Temple (1/1) D:7             Orc (4/4) D:9
    Elf (3/3) Orc:4          Lair (8/8) D:10          Swamp (5/5) Lair:6
  Snake (5/5) Lair:6        Slime (0/6) Lair:6       Vaults (5/5) D:14
  Crypt (0/3) Vaults:2        Zot (5/5) Depths:5     Depths (5/5) D:15

Altars:
Ashenzari
Cheibriados
Dithmenos
Elyvilon
Fedhas
Gozag
Makhleb
Nemelex Xobeh
Okawaru
Sif Muna
Vehumet
Xom
Yredelemnul
Zin
The Shining One
Beogh

Shops:
D:14 [   Orc:3 =   Orc:4 [**[   Elf:1 %   Elf:2 *   Vaults:1 *   Depths:1 }

Portals:
Hell: Lair:8 Depths:1 Depths:2 Depths:3 Depths:4
Abyss: Depths:1 Depths:2
Pandemonium: Depths:3
Ziggurat: Depths:1


Innate Abilities, Weirdness & Mutations

You cannot wear boots.
You can spit poison.
You can use your snake-like lower body to constrict enemies.*
Your serpentine skin is tough (AC +9).*
You have supernaturally acute eyesight.
Armour fits poorly on your strangely shaped body.*
Your system is resistant to poisons.*
You cover ground very slowly.*


Message History

Drink which item? (? fer menu, 'sc ta quit) Re'lly quaff
b - 4 potions o' agility {!q}?
Ye feel agile all o' a sudd'n.
Put on which piece o' jewellery? (? fer menu, 'sc ta quit) Okay, than.
Use which ability? (? or * ta list) Ye gain tha combat prowess o' a mighty hero.
Ye feel slightly more hungry.
Evoke which item? (* ta show all) (? fer menu, 'sc ta quit) Okay, than.
Drink which item? (? fer menu, 'sc ta quit) Okay, than.
Use which ability? (? or * ta list) Okay, than.
Use which ability? (? or * ta list)
A red film seems ta co'er yer vision as ye go berserk!
Ye feel yerself movin' faster!
Ye feel mighty!
Enter note: :c Ye feel a strong urge ta attack somethin'.
Ye haf 'scaped!

### ##### ### #.#
#.#.# #.#
########.###.#.###.#
#..................#
##############.###.#
#@#≈≈P≈≈'..# #.#
#.#≈≈≈≈.#..# #.#
#.#≈P≈..##.# #.###
#≈.....≈##.# #....
#≈[.PP≈≈##.# #.###
#≈≈.P≈≈.##.# #.#
#≈≈≈≈≈≈≈##.# #.#
##########.# #.# #.#
#.###


There were no monsters in sight!

Vanquished Creatures
  4 orbs of fire (Zot:5)
  Tiamat (Zot:5)
  8 ancient liches
  3 pandemonium lords
  Saint Roka (Vaults:4)
  Margery (Depths:2)
  3 Killer Klowns
  2 golden dragons
  3 electric golems
  Xtahua (Vaults:3)
  A bone dragon (Abyss:1)
  A Hell Sentinel (D:10)
  7 tentacled monstrosities
  4 liches
  27 Orb Guardians
  Asterion (Snake:2)
  Vashnia (Snake:2)
  2 Ice Fiends
  3 deep elf blademasters (Elf:3)
  5 titans
  2 deep elf master archers (Elf:3)
  4 quicksilver dragons
  4 storm dragons
  An eldritch tentacle (D:14)
  A Shadow Fiend (D:15)
  An Executioner (Vaults:5)
  5 sphinxes
  The ghost of perunasaurus the Brawler, a mighty NaTm of Okawaru (Swamp:5)
  A thorn hunter (Swamp:5)
  An ancient champion (Vaults:2)
  Rupert (Snake:4)
  Agnes (Elf:1)
  Frances (Snake:4)
  Kirke (Snake:4)
  3 tengu reavers
  A daeva (Depths:1)
  3 draconian monks
  Roxanne (D:15)
  4 shadow dragons
  10 fire giants
  A revenant (Abyss:1)
  10 greater nagas
  Wiglaf (Snake:2)
  11 deep elf sorcerers
  11 vault wardens
  2 iron dragons
  3 cacodemons
  6 emperor scorpions
  13 frost giants
  Aizul (Swamp:3)
  4 ghost moths
  2 draconian zealots (Zot:4)
  A draconian scorcher (Zot:5)
  Gastronok (D:11)
  2 draconian knights
  5 deep elf demonologists
  9 war gargoyles
  19 stone giants
  6 draconian annihilators
  4 grey draconians
  3 draconian shifters
  A reaper (D:10)
  A draconian caller (Zot:4)
  4 green draconians
  12 deep elf annihilators
  3 pale draconians
  A vampire knight (Depths:2)
  6 black draconians
  3 dire elephants
  7 purple draconians
  5 mottled draconians
  4 red draconians
  4 white draconians
  A yellow draconian (Zot:5)
  8 deep elf death magi
  2 jiangshi (Vaults:2)
  2 minotaurs
  12 crystal guardians (Depths:3)
  11 ettins
  3 green deaths
  4 death cobs
  15 yaktaur captains
  Josephine (D:15)
  12 deep elf high priests
  21 fire dragons
  6 great orbs of eyes
  12 ice dragons
  20 hydras
  Fannar (Lair:2)
  7 ironheart preservers
  Harold (Lair:6)
  9 ravenous item mimics (Depths:3)
  29 vault guards
  2 spriggan air magi
  10 naga warriors
  26 anacondas
  6 deep troll earth magi
  A ghost crab (shapeshifter) (Depths:3)
  A monstrous demonspawn (D:10)
  Erica (D:11)
  5 rakshasas
  4 shambling mangroves
  The ghost of Surr the Martial Artist, a powerful DsTm of Cheibriados (D:10)
  5 tengu warriors
  6 deep troll shamans
  15 ogre magi
  2 anacondas (shapeshifter)
  10 dancing weapons (Depths:3)
  9 alligators
  25 death yaks
  6 large abominations
  3 vampire magi
  A thrashing horror (Abyss:1)
  3 spriggan berserkers (Depths:2)
  20 naga sharpshooters
  2 soul eaters
  3 catoblepae
  13 shock serpents
  An orc high priest (Orc:4)
  Nergalle (D:15)
  8 very ugly things
  Erolcha (Orc:1)
  A wretched star (Abyss:1)
  A storm dragon zombie (Abyss:1)
  2 salamander mystics (Snake:5)
  3 fire crabs
  4 hell knights (Depths:2)
  21 deep elf knights
  13 centaur warriors
  4 skeletal warriors (Vaults:1)
  An orb spider (shapeshifter) (Vaults:1)
  2 shadow wraiths
  A sun demon (Zot:5)
  A deep troll (shapeshifter) (Depths:3)
  8 unseen horrors
  An iron troll (Depths:2)
  9 swamp dragons
  4 spriggan druids
  2 sea snakes (Snake:3)
  11 naga ritualists
  A torturous demonspawn (D:8)
  5 flayed ghosts
  A swamp dragon (shapeshifter) (Depths:3)
  10 deep trolls
  4 ice devils
  15 deep elf summoners
  2 giant orange brains
  An infernal demonspawn (D:12)
  15 orc knights
  A death drake (Depths:5)
  2 shadow demons
  3 silver statues (Depths:3)
  2 lindwurms
  18 deep elf conjurers
  A hill giant (D:13)
  16 harpies
  5 wolf spiders
  A water nymph (shapeshifter) (Elf:1)
  4 wizards
  A faun (shapeshifter) (Vaults:5)
  A fire giant zombie (Vaults:3)
  9 small abominations
  4 red wasps
  3 necromancers
  7 griffons
  2 oklob plants (Lair:6)
  18 ironbrand convokers
  A cyclops (shapeshifter) (Depths:1)
  A draconian (shapeshifter) (Vaults:1)
  10 cyclopes
  7 sixfirhies
  13 mana vipers
  A shadow dragon skeleton (Vaults:3)
  5 salamanders
  4 phantasmal warriors (Vaults:5)
  7 moths of wrath
  4 orc sorcerers (Orc:4)
  A red wasp (shapeshifter) (Depths:2)
  A manticore (shapeshifter) (Vaults:1)
  A manticore (Depths:2)
  A moth of wrath (shapeshifter) (Depths:2)
  40 black mambas
  An octopode (shapeshifter) (Vaults:1)
  Maurice (Orc:3)
  9 elephants (Lair:8)
  A worldbinder (Abyss:1)
  2 gargoyles
  2 guardian serpents (shapeshifter)
  2 molten gargoyles (Depths:3)
  A torpor snail (Lair:6)
  13 guardian serpents
  6 orange demons
  36 naga magi
  4 smoke demons
  29 yaktaurs
  22 vault sentinels
  An efreet (Abyss:1)
  Psyche (D:11)
  A tormentor (D:1)
  4 iron devils
  An eye of devastation (shapeshifter) (Depths:3)
  9 komodo dragons
  2 elves (shapeshifter)
  28 spiny frogs
  A demonic crawler (Elf:2)
  7 red devils
  15 hellwings
  3 human zombies (Vaults:5)
  A jumping spider (Elf:3)
  8 trolls
  7 tengu conjurers
  2 polar bears
  6 freezing wraiths
  A queen bee (shapeshifter) (Vaults:3)
  A blue devil (Lair:8)
  A hell beast (Lair:8)
  5 fire drakes
  A troll (shapeshifter) (Vaults:3)
  Sonja (Orc:3)
  A wind drake (shapeshifter) (Depths:3)
  13 deep elf priests
  4 ancient zymes
  26 ravens
  Prince Ribbit (D:4)
  2 trapdoor spiders (shapeshifter)
  An ettin zombie (Vaults:5)
  A polar bear (shapeshifter) (Depths:3)
  A raiju (shapeshifter) (Vaults:3)
  5 giant leeches
  2 ravens (shapeshifter)
  19 two-headed ogres
  15 bog bodies
  2 baby alligators (Swamp:3)
  3 wind drakes (Depths:3)
  15 blink frogs
  A blink frog (shapeshifter) (Vaults:3)
  A baby alligator (shapeshifter) (Vaults:2)
  7 boulder beetles
  A raiju (Abyss:1)
  A flying skull (Abyss:2)
  A formicid (shapeshifter) (Depths:4)
  5 shadows
  9 air elementals (Depths:3)
  A tarantella (Elf:2)
  6 redbacks
  5 water elementals (Depths:3)
  2 tarantellas (shapeshifter)
  A yak (shapeshifter) (Vaults:4)
  4 hogs (Snake:4)
  44 slime creatures
  4 wyverns
  2 fire bats (Lair:6)
  2 spriggans (shapeshifter)
  7 ynoxinuls
  2 human skeletons (Vaults:3)
  28 deep elf magi
  4 spriggans
  A vampire (Depths:2)
  8 fire elementals
  Eustachio (Orc:1)
  55 yaks
  3 steam dragons (Swamp:5)
  6 neqoxecs
  Grum (D:13)
  An elf zombie (Vaults:2)
  A steam dragon (shapeshifter) (Depths:5)
  3 wraiths
  8 hippogriffs
  65 ugly things
  2 hogs (shapeshifter)
  36 deep elf fighters
  The ghost of DracheReborn the Shooter, an average HuHu of Trog (D:3)
  42 vampire mosquitoes
  18 wolves
  30 swamp worms
  Edmund (D:4)
  Menkaure (D:4)
  5 chaos spawn
  A hungry ghost (D:11)
  2 wargs
  75 nagas
  13 swamp drakes
  2 hell hounds (Lair:8)
  2 mottled dragons (D:13)
  A water moccasin (shapeshifter) (Depths:3)
  55 water moccasins
  2 soldier ants
  An ettin simulacrum (Vaults:2)
  47 orc warriors
  10 porcupines
  6 yellow wasps
  7 ice beasts
  An orc zombie (Orc:4)
  2 black bears
  2 black bears (shapeshifter)
  A boggart (Vaults:1)
  A boggart (shapeshifter) (Depths:3)
  3 sky beasts
  A vampire mosquito zombie (Vaults:3)
  A tengu (shapeshifter) (D:14)
  61 ogres
  19 crocodiles
  22 centaurs
  Duvessa (Orc:1)
  4 big kobolds
  A crocodile (shapeshifter) (Depths:3)
  13 insubstantial wisps
  A giant frog (shapeshifter) (Depths:3)
  A komodo dragon skeleton (D:12)
  36 giant frogs
  A cyclops zombie (D:15)
  11 earth elementals (Depths:3)
  2 gnoll sergeants
  A hippogriff zombie (D:9)
  2 eyes of draining (D:9)
  A cyclops skeleton (D:5)
  5 killer bees
  2 scorpions
  A hippogriff skeleton (D:6)
  A troll skeleton (D:9)
  6 electric eels
  5 wights
  Dowan (Orc:1)
  14 crimson imps
  A fire crab simulacrum (D:15)
  4 quasits
  37 orc priests
  An iron imp (Abyss:1)
  Crazy Yiuf (D:4)
  16 iguanas
  3 jellies
  A yellow wasp zombie (D:9)
  10 hounds
  A gnoll shaman (D:6)
  3 orange rats
  5 spectral orcs (D:15)
  41 orc wizards
  15 worker ants
  A boulder beetle simulacrum (Vaults:2)
  7 sheep (Lair:5)
  A big kobold zombie (D:5)
  A shapeshifter simulacrum (D:15)
  A mottled dragon zombie (D:15)
  2 ogre skeletons
  A big kobold skeleton (D:8)
  A hound zombie (D:10)
  A basilisk simulacrum (D:15)
  A mummy (D:10)
  A scorpion zombie (D:8)
  A worker ant zombie (D:5)
  40 adders
  15 gnolls
  A giant mite (D:8)
  28 green rats
  5 shadow imps
  3 white imps
  4 worms
  2 ufetubi (Abyss:1)
  An adder skeleton (D:8)
  3 giant geckos
  2 oozes
  197 orcs
  3 ball pythons
  23 bats
  A bat zombie (D:5)
  4 giant cockroaches
  28 goblins
  16 hobgoblins
  12 jackals
  A giant gecko skeleton (D:5)
  3 giant newts
  3 giant spores
  A hobgoblin skeleton (D:5)
  44 kobolds
  3 orc skeletons
  22 quokkas
  22 rats
  2 rat zombies
  13 ballistomycetes
  3 crawling corpses
  A fungus (Elf:3)
  6 plants (Lair:2)
2890 creatures vanquished.

Vanquished Creatures (others)
  A hydra (Swamp:5)
  A deep troll shaman (Depths:2)
  A deep troll (shapeshifter) (Depths:3)
  6 ball lightnings (Depths:3)
  A swamp dragon (Swamp:5)
  A moth of wrath (Zot:3)
  A guardian serpent (Snake:5)
  A gargoyle (Depths:3)
  A fire drake (Zot:4)
  A water elemental (Depths:3)
  A deep elf fighter (Vaults:2)
  4 ugly things (Depths:3)
  A steam dragon (Swamp:5)
  2 vampire mosquitoes
  A mottled dragon (Swamp:5)
  A wolf (Lair:8)
  2 swamp drakes
  5 lost souls
  An insubstantial wisp (Depths:3)
  An orc wizard (Orc:4)
  An orange rat (Elf:3)
  4 orcs
  2 kobolds
  A giant spore (D:8)
  7 eldritch tentacle segments (D:14)
  27 fungi (Lair:8)
  14 plants
90 creatures vanquished.

Grand Total: 2980 creatures vanquished

Notes
Turn   | Place    | Note
--------------------------------------------------------------
     0 | D:1      | perunasaurus, the Naga Transmuter, began the quest for the Orb.
     0 | D:1      | Reached XP level 1. HP: 18/18 MP: 3/3
   144 | D:1      | Reached XP level 2. HP: 15/25 MP: 4/4
   195 | D:1      | Learned a level 2 spell: Sticks to Snakes
   654 | D:1      | Reached skill level 4 in Unarmed Combat
   779 | D:1      | Reached XP level 3. HP: 23/31 MP: 6/6
   784 | D:1      | Learned a level 3 spell: Spider Form
   981 | D:1      | Reached skill level 1 in Poison Magic
  1476 | D:2      | Reached XP level 4. HP: 11/38 MP: 5/7
  2292 | D:2      | Reached XP level 5. HP: 26/44 MP: 9/9
  2436 | D:2      | Found a sparkling altar of Nemelex Xobeh.
  3089 | D:3      | Reached skill level 5 in Unarmed Combat
  3319 | D:3      | Found a glowing silver altar of Zin.
  3366 | D:3      | Noticed DracheReborn's ghost (average HuHu)
  3932 | D:3      | Killed DracheReborn's ghost
  3932 | D:3      | Reached skill level 6 in Unarmed Combat
  3932 | D:3      | Reached XP level 6. HP: 25/51 MP: 0/10
  4611 | D:4      | Noticed an ogre
  4616 | D:4      | Killed an ogre
  4616 | D:4      | Reached skill level 7 in Unarmed Combat
  4616 | D:4      | Reached XP level 7. HP: 57/57 MP: 3/12
  4645 | D:4      | Noticed Edmund
  4662 | D:4      | Killed Edmund
  5045 | D:3      | Reached skill level 8 in Unarmed Combat
  5094 | D:4      | Noticed Menkaure
  5361 | D:4      | Killed Menkaure
  5502 | D:4      | Noticed Prince Ribbit
  5518 | D:4      | Killed Prince Ribbit
  5518 | D:4      | Reached skill level 9 in Unarmed Combat
  5518 | D:4      | Reached XP level 8. HP: 38/64 MP: 10/13
  5674 | D:4      | Noticed Crazy Yiuf
  5685 | D:4      | Killed Crazy Yiuf
  5906 | D:5      | Entered Level 5 of the Dungeon
  6291 | D:5      | Reached skill level 10 in Unarmed Combat
  6572 | D:5      | Found a shadowy altar of Dithmenos.
  6751 | D:5      | Found a shadowy altar of Dithmenos.
  6859 | D:6      | Reached XP level 9. HP: 70/70 MP: 14/14
  6949 | D:6      | Reached skill level 11 in Unarmed Combat
  7691 | D:7      | Found a staircase to the Ecumenical Temple.
  7756 | Temple   | Entered the Ecumenical Temple
  7764 | Temple   | Became a worshipper of Warmaster Okawaru
  8353 | D:7      | Reached skill level 12 in Unarmed Combat
  9807 | D:8      | Reached skill level 13 in Unarmed Combat
  9893 | D:8      | Reached XP level 10. HP: 53/78 MP: 13/16
 10121 | D:8      | Found a blossoming altar of Fedhas.
 10121 | D:8      | Found a snail-covered altar of Cheibriados.
 10143 | D:8      | Acquired Okawaru's first power
 10243 | D:9      | Found a burning altar of Makhleb.
 11173 | D:9      | Paralysed by a centaur for 2 turns
 11178 | D:9      | Reached skill level 14 in Unarmed Combat
 11367 | D:9      | Found a staircase to the Orcish Mines.
 11396 | D:10     | Entered Level 10 of the Dungeon
 12300 | D:10     | Found a staircase to the Lair.
 12361 | D:10     | Noticed Surr's ghost (powerful DsTm)
 12410 | D:10     | Killed Surr's ghost
 12410 | D:10     | Reached skill level 15 in Unarmed Combat
 12679 | D:10     | Reached XP level 11. HP: 78/84 MP: 15/17
 12888 | D:10     | Reached skill level 5 in Transmutations
 13109 | Lair:1   | Entered Level 1 of the Lair of Beasts
 14595 | Lair:1   | Learned a level 5 spell: Blade Hands
 14643 | Lair:2   | Noticed a seven-headed hydra
 14692 | Lair:2   | Noticed Fannar
 14704 | Lair:2   | Killed Fannar
 16032 | Lair:2   | Reached skill level 10 in Transmutations
 16104 | Lair:1   | Learned a level 2 spell: Swiftness
 16256 | Lair:2   | Reached XP level 12. HP: 62/91 MP: 14/18
 18293 | Lair:1   | Learned a level 4 spell: Ice Form
 18791 | Lair:4   | Reached skill level 1 in Armour
 19002 | Lair:4   | Acquired Okawaru's second power
 20753 | Lair:6   | Reached XP level 13. HP: 76/105 MP: 17/23
 20792 | Lair:6   | Found a staircase to the Swamp.
 20968 | Lair:6   | Found a staircase to the Snake Pit.
 21341 | Lair:6   | Found a staircase to the Slime Pits.
 21372 | Lair:6   | Noticed Harold
 21388 | Lair:6   | Killed Harold
 21388 | Lair:6   | Reached skill level 5 in Dodging
 21802 | Lair:6   | Received a gift from Okawaru
 21890 | Lair:6   | Reached skill level 5 in Fighting
 22114 | Lair:7   | Reached skill level 5 in Armour
 22141 | Lair:7   | Received a gift from Okawaru
 22142 | Lair:7   | Got a bloodstained scale mail {god gift}
 22167 | Lair:6   | Identified the +1 scale mail of Tartarus {rC+ Str+2} (Okawaru gifted it to you on level 7 of the Lair of Beasts)
 22564 | Lair:7   | Reached skill level 1 in Evocations
 23197 | Lair:8   | Entered Level 8 of the Lair of Beasts
 23408 | Lair:8   | Reached XP level 14. HP: 123/123 MP: 12/24
 23913 | Lair:8   | Received a gift from Okawaru
 24024 | Lair:8   | Noticed a dire elephant
 24038 | Lair:8   | Killed a dire elephant
 25295 | Lair:8   | Noticed a dire elephant
 25307 | Lair:8   | Killed a dire elephant
 26027 | Lair:8   | Found a burning altar of Makhleb.
 26176 | Lair:8   | Received a gift from Okawaru
 26177 | Lair:8   | Got a brightly glowing dire flail {god gift}
 27094 | Lair:8   | Found a gateway to Hell.
 27356 | Orc:1    | Entered Level 1 of the Orcish Mines
 27363 | Orc:1    | Noticed Eustachio
 27390 | Orc:1    | Killed Eustachio
 27633 | Orc:1    | Found a roughly hewn altar of Beogh.
 27761 | Orc:1    | Reached XP level 15. HP: 115/135 MP: 20/25
 27861 | Orc:1    | Found a roughly hewn altar of Beogh.
 27976 | Orc:2    | Found a glowing golden altar of the Shining One.
 28651 | Orc:1    | Noticed Erolcha
 28651 | Orc:1    | Noticed Duvessa
 28651 | Orc:1    | Noticed Dowan
 28814 | Orc:1    | Killed Duvessa
 28934 | Orc:1    | Killed Erolcha
 28936 | Orc:1    | Killed Dowan
 29404 | Orc:3    | Noticed Maurice
 29432 | Orc:3    | Killed Maurice
 29468 | Orc:3    | Found Twiam's Jewellery Shop.
 29794 | Orc:3    | Bought an uncursed ring of regeneration for 540 gold pieces
 30026 | Orc:4    | Entered Level 4 of the Orcish Mines
 30155 | Orc:4    | Found a staircase to the Elven Halls.
 30393 | Orc:4    | Found Lahis' General Store.
 30393 | Orc:4    | Found Blud's Antique Armour Shop.
 30453 | Orc:4    | Found Plucau's Assorted Antiques.
 30671 | Orc:4    | Found Ohulakh's Antique Armour Boutique.
 30709 | Orc:4    | Bought a scroll of enchant weapon for 97 gold pieces
 30709 | Orc:4    | Bought a potion of haste for 91 gold pieces
 30711 | Orc:4    | Bought a wand of disintegration (10) for 182 gold pieces
 30713 | Orc:4    | Bought an embroidered cloak for 189 gold pieces
 30760 | Orc:4    | Bought a scroll of identify for 62 gold pieces
 30760 | Orc:4    | Bought a scroll of blinking for 232 gold pieces
 30765 | Orc:4    | Bought a faintly humming cloak for 304 gold pieces
 30769 | Orc:4    | Identified the +3 cloak "Cremnoed" {rC+} (You bought it in a shop on level 4 of the Orcish Mines)
 30769 | Orc:4    | Bought a smoking cloak for 304 gold pieces
 30773 | Orc:4    | Identified the +4 cloak "Mneuthon" {Int+3} (You bought it in a shop on level 4 of the Orcish Mines)
 31019 | Orc:3    | Noticed Sonja
 31025 | Orc:3    | Killed Sonja
 31444 | Swamp:1  | Entered Level 1 of the Swamp
 31514 | Swamp:1  | Reached skill level 10 in Dodging
 31948 | Swamp:1  | Received a gift from Okawaru
 32402 | Swamp:2  | Reached skill level 10 in Fighting
 32988 | Swamp:2  | Found a basalt altar of Yredelemnul.
 33298 | Swamp:3  | Noticed Aizul
 33313 | Swamp:3  | Killed Aizul
 33313 | Swamp:3  | Reached skill level 10 in Armour
 33446 | Swamp:3  | Learned a level 2 spell: Corpse Rot
 33603 | Swamp:3  | Reached skill level 5 in Evocations
 34093 | Swamp:3  | Reached XP level 16. HP: 107/146 MP: 19/26
 34291 | Swamp:4  | Reached skill level 16 in Unarmed Combat
 35078 | Swamp:5  | Entered Level 5 of the Swamp
 35097 | Swamp:5  | Received a gift from Okawaru
 35262 | Swamp:5  | Noticed perunasaurus' ghost (mighty NaTm)
 35413 | Snake:1  | Entered Level 1 of the Snake Pit
 36559 | Snake:2  | Noticed Wiglaf
 36594 | Snake:2  | Killed Wiglaf
 37126 | Snake:2  | Noticed Asterion
 37134 | Snake:2  | Killed Asterion
 37222 | Snake:2  | Reached skill level 1 in Invocations
 37500 | Snake:2  | Noticed Vashnia
 37639 | Snake:2  | Received a gift from Okawaru
 37640 | Snake:2  | Got an ancient sling {god gift}
 38751 | Snake:3  | Reached skill level 5 in Invocations
 38781 | Snake:3  | Reached XP level 17. HP: 137/157 MP: 22/26
 39468 | Snake:3  | Received a gift from Okawaru
 39469 | Snake:3  | Got a pitted crystal plate armour {god gift}
 39488 | Snake:3  | Identified the +2 crystal plate armour of Grace {+Blink Int+1} (Okawaru gifted it to you on level 3 of the Snake Pit)
 39807 | Snake:4  | Noticed Kirke
 40128 | Snake:4  | Noticed Rupert
 40134 | Snake:4  | Paralysed by Rupert for 7 turns
 40146 | Snake:4  | Killed Rupert
 40146 | Snake:4  | Reached skill level 17 in Unarmed Combat
 40165 | Snake:4  | Noticed Frances
 40175 | Snake:4  | HP: 5/157 [ice devil[Frances] (30)]
 40825 | Snake:4  | HP: 6/157 [harpy[Kirke] (13)]
 41848 | Snake:4  | Killed Frances
 41914 | Snake:4  | Found a white marble altar of Elyvilon.
 41973 | Snake:5  | Entered Level 5 of the Snake Pit
 42045 | Snake:5  | Reached skill level 18 in Unarmed Combat
 42376 | Snake:5  | Found a white marble altar of Elyvilon.
 43452 | Snake:5  | Reached XP level 18. HP: 123/168 MP: 14/27
 44261 | Snake:5  | Received a gift from Okawaru
 44262 | Snake:5  | Got a smelly scale mail {god gift}
 44305 | Snake:5  | Identified the +1 scale mail of the Wilderness {rElec} (Okawaru gifted it to you on level 5 of the Snake Pit)
 46886 | Snake:4  | Killed Kirke
 47390 | Snake:2  | Killed Vashnia
 47923 | Swamp:5  | Reached XP level 19. HP: 178/178 MP: 28/28
 47973 | Swamp:5  | Noticed a thorn hunter
 48016 | Swamp:5  | Killed perunasaurus' ghost
 48035 | Swamp:5  | Killed a thorn hunter
 48408 | Swamp:5  | Received a gift from Okawaru
 48736 | Swamp:5  | Received a gift from Okawaru
 48737 | Swamp:5  | Got a faintly glowing claymore {god gift}
 48745 | Swamp:5  | Identified the -2 claymore "Xuameoz" {freeze, rF++ rC+} (Okawaru gifted it to you on level 5 of the Swamp)
 49386 | D:11     | Found a flagged portal.
 49406 | Bailey   | Entered a bailey
 49961 | D:11     | Noticed Psyche
 49966 | D:11     | Killed Psyche
 50087 | D:11     | Noticed Erica
 50097 | D:11     | Killed Erica
 50150 | D:11     | Noticed Gastronok
 50168 | D:11     | Killed Gastronok
 50933 | D:13     | Noticed Grum
 50952 | D:13     | Killed Grum
 51756 | D:14     | Found Caadaffi's Armour Emporium.
 52381 | D:14     | Found a gate to the Vaults.
 52471 | D:14     | Reached skill level 19 in Unarmed Combat
 52740 | D:15     | Entered Level 15 of the Dungeon
 52919 | D:15     | Found a staircase to the Depths.
 52919 | D:15     | Noticed Nergalle
 52972 | D:15     | Killed Nergalle
 53431 | D:15     | Noticed Roxanne
 53552 | D:15     | Killed Roxanne
 53558 | D:15     | Found a glowing golden altar of the Shining One.
 53623 | D:15     | Identified a scroll of acquirement {!r}
 53624 | D:15     | Got a steaming large shield
 53869 | D:15     | Noticed Josephine
 53875 | D:15     | Killed Josephine
 53991 | Vaults:1 | Entered Level 1 of the Vaults
 54003 | Vaults:1 | Found Xevosi Tihish's Assorted Antiques.
 54009 | Vaults:1 | Bought a phial of floods for 1200 gold pieces
 54009 | Vaults:1 | Bought a potion of haste for 210 gold pieces
 54009 | Vaults:1 | Bought a potion of lignification for 60 gold pieces
 54142 | Vaults:1 | Reached XP level 20. HP: 160/190 MP: 25/30
 55203 | Vaults:1 | Received a gift from Okawaru
 55204 | Vaults:1 | Got a transparent naga barding {god gift}
 55220 | Vaults:1 | Identified the +4 naga barding "Pyacevoseo" {+Rage rElec Int+3 Curse} (Okawaru gifted it to you on level 1 of the Vaults)
 55684 | Vaults:1 | Learned a level 2 spell: Repel Missiles
 55687 | Vaults:1 | Learned a level 2 spell: Blink
 56090 | Vaults:2 | Reached skill level 1 in Translocations
 56468 | Vaults:2 | Found a staircase to the Crypt.
 56659 | Vaults:2 | Learned a level 3 spell: Regeneration
 56692 | Vaults:2 | Reached skill level 1 in Charms
 56736 | Vaults:2 | Received a gift from Okawaru
 59502 | Vaults:3 | Reached XP level 21. HP: 165/198 MP: 21/31
 59545 | Vaults:3 | Noticed Xtahua
 59562 | Vaults:3 | Killed Xtahua
 59805 | Vaults:3 | Reached skill level 20 in Unarmed Combat
 60355 | Vaults:3 | Received a gift from Okawaru
 60597 | Vaults:3 | Reached skill level 15 in Fighting
 61363 | Vaults:4 | Noticed Saint Roka
 61381 | Vaults:4 | Killed Saint Roka
 61848 | Vaults:4 | Reached skill level 15 in Armour
 62798 | Elf:1    | Entered Level 1 of the Elven Halls
 62902 | Elf:1    | Noticed Agnes
 62909 | Elf:1    | Killed Agnes
 62909 | Elf:1    | Received a gift from Okawaru
 63163 | Elf:1    | Found a burning altar of Makhleb.
 63254 | Elf:1    | Reached XP level 22. HP: 197/210 MP: 32/32
 63380 | Elf:1    | Found Yklan's Food Emporium.
 63504 | Elf:1    | Reached skill level 15 in Dodging
 63899 | Elf:2    | Found Plog's Assorted Antiques.
 63981 | Elf:2    | Reached skill level 10 in Evocations
 64559 | Elf:3    | Entered Level 3 of the Elven Halls
 65272 | Elf:3    | Received a gift from Okawaru
 65436 | Elf:3    | Reached skill level 21 in Unarmed Combat
 65520 | Elf:3    | Received a gift from Okawaru
 65695 | Elf:3    | Got a shimmering tin amulet
 65696 | Elf:3    | Identified the amulet of Sismerip {rCorr rF+} (You took it off a deep elf death mage on level 3 of the Elven Halls)
 65872 | Elf:3    | Identified the Volume of Stones
 66416 | Depths:1 | Entered Level 1 of the Depths
 66609 | Depths:1 | Found Frauta's Gadget Emporium.
 66826 | Depths:1 | Reached XP level 23. HP: 122/220 MP: 3/33
 67077 | Depths:1 | Found a shattered altar of Ashenzari.
 67198 | Depths:1 | Found a gateway to a ziggurat.
 67379 | Depths:1 | Found a one-way gate to the infinite horrors of the Abyss.
 67756 | Depths:2 | Received a gift from Okawaru
 68019 | Depths:2 | Reached XP level 24. HP: 176/229 MP: 11/34
 68646 | Vaults:3 | Identified a +2 rod of ignition (9/9) (You took it off a spriggan berserker on level 2 of the Depths)
 69194 | Depths:2 | Found a burning altar of Makhleb.
 69616 | Depths:2 | Reached skill level 1 in Necromancy
 70079 | Depths:2 | Received a gift from Okawaru
 70375 | Depths:2 | Reached skill level 22 in Unarmed Combat
 70716 | Depths:2 | Reached XP level 25. HP: 221/236 MP: 27/34
 70792 | Depths:2 | Noticed Margery
 70817 | Depths:2 | Killed Margery
 70994 | Depths:3 | Reached skill level 5 in Necromancy
 71106 | Depths:3 | Reached skill level 5 in Charms
 71230 | Depths:3 | Reached skill level 5 in Spellcasting
 71275 | Depths:3 | Found a one-way gate leading to the halls of Pandemonium.
 72627 | Depths:3 | Identified a +2 rod of striking (14/14) (You found it on level 3 of the Depths)
 73122 | Depths:3 | Got a brightly glowing ring mail
 73123 | Depths:3 | Identified the +3 ring mail of the Wumpus {rPois Str-1 Curse} (You found it on level 3 of the Depths)
 73358 | Depths:4 | Received a gift from Okawaru
 73359 | Depths:4 | Got a warped leather armour {god gift}
 73360 | Depths:4 | Identified the -1 leather armour "Niwn" {+Rage rElec Str+2} (Okawaru gifted it to you on level 4 of the Depths)
 73369 | Depths:5 | Entered Level 5 of the Depths
 73618 | Depths:5 | Found a gate to the Realm of Zot.
 74188 | Vaults:5 | Entered Level 5 of the Vaults
 74188 | Vaults:5 | Noticed an ancient lich
 74256 | Vaults:5 | Killed an ancient lich
 74280 | Vaults:5 | Reached XP level 26. HP: 46/249 MP: 19/35
 74375 | Vaults:5 | Received a gift from Okawaru
 75286 | Vaults:5 | Learned a level 1 spell: Summon Butterflies
 75451 | Vaults:5 | Received a gift from Okawaru
 75971 | Zot:1    | Entered Level 1 of the Realm of Zot
 75987 | Zot:1    | Learned a level 1 spell: Apportation
 76541 | Zot:3    | Noticed an ancient lich
 76550 | Zot:3    | Killed an ancient lich
 76550 | Zot:3    | Reached XP level 27. HP: 260/260 MP: 2/36
 77330 | Zot:5    | Entered Level 5 of the Realm of Zot
 77427 | Zot:5    | Received a gift from Okawaru
 77430 | Zot:5    | Got a shimmering helmet {god gift}
 77431 | Zot:5    | Identified the +0 helmet "Frid" {rF+ Slay+2} (Okawaru gifted it to you on level 5 of the Realm of Zot)
 77544 | Zot:5    | Noticed an ancient lich
 77557 | Zot:5    | Killed an ancient lich
 77560 | Zot:5    | Noticed an orb of fire
 77572 | Zot:5    | Killed an orb of fire
 77587 | Zot:5    | Noticed Tiamat
 77618 | Zot:5    | Killed Tiamat
 77658 | Zot:5    | Noticed an ancient lich
 77671 | Zot:5    | Noticed an orb of fire
 77673 | Zot:5    | Killed an ancient lich
 77686 | Zot:5    | Killed an orb of fire
 77699 | Zot:5    | Noticed an ancient lich
 77703 | Zot:5    | Killed an ancient lich
 77925 | Zot:5    | Noticed an ancient lich
 77945 | Zot:5    | Killed an ancient lich
 78146 | Zot:5    | Received a gift from Okawaru
 78154 | Zot:5    | Noticed an orb of fire
 78174 | Zot:5    | Noticed an orb of fire
 78177 | Zot:5    | Killed an orb of fire
 78188 | Zot:5    | Killed an orb of fire
 78218 | Zot:5    | Noticed Givy the pandemonium lord
 78218 | Zot:5    | Noticed an ancient lich
 78251 | Zot:5    | Cast into the Abyss (Givy)
 78276 | Abyss:1  | Found a corrupted altar of Lugonu.
 78479 | Abyss:2  | Found a corrupted altar of Lugonu.
 78523 | Abyss:2  | Found a shimmering altar of Xom.
 78646 | Zot:5    | Escaped the Abyss
 78671 | Zot:5    | Noticed Loliwock the pandemonium lord
 78682 | Zot:5    | Killed Loliwock the pandemonium lord
 78723 | Zot:5    | Killed an ancient lich
 78745 | Zot:5    | Noticed an ancient lich
 78763 | Zot:5    | Killed an ancient lich
 78763 | Zot:5    | Received a gift from Okawaru
 79418 | D:14     | Noticed Shrao the pandemonium lord
 79428 | D:14     | Killed Shrao the pandemonium lord
 79897 | D:2      | Noticed Laist the pandemonium lord
 79911 | D:2      | Killed Laist the pandemonium lord
 79911 | D:2      | Received a gift from Okawaru
 79999 | D:1      | :c
 80000 | D:$      | Escaped with the Orb!

Action                   |  1- 3 |  4- 6 |  7- 9 | 10-12 | 13-15 | 16-18 | 19-21 | 22-24 | 25-27 || total
-------------------------+-------+-------+-------+-------+-------+-------+-------+-------+-------++-------
Melee: Unarmed           |   117 |   232 |   418 |   922 |  1334 |  1195 |  2076 |  1049 |  1904 ||  9247
 Fire: Blowgun           |       |       |       |    24 |       |       |     9 |       |       ||    33
Throw: Stone             |     3 |    17 |    27 |    14 |     2 |     4 |     2 |       |       ||    69
 Cast: Beastly Appendage |     3 |     5 |     2 |       |       |       |       |       |       ||    10
       Sticks to Snakes  |       |     6 |     8 |     2 |     4 |       |       |       |       ||    20
       Spider Form       |       |     5 |    22 |    51 |     5 |       |       |       |       ||    83
       Blade Hands       |       |       |       |    13 |    73 |    99 |    89 |    66 |    96 ||   436
       Ice Form          |       |       |       |     1 |    11 |     2 |     6 |       |       ||    20
       Swiftness         |       |       |       |       |     2 |       |       |       |       ||     2
       Regeneration      |       |       |       |       |       |       |    49 |    67 |   142 ||   258
       Repel Missiles    |       |       |       |       |       |       |     4 |    11 |    11 ||    26
       Blink             |       |       |       |       |       |       |       |       |     1 ||     1
Invok: Heroism           |       |       |       |    16 |    39 |    41 |    12 |     7 |    21 ||   136
       Finesse           |       |       |       |       |     3 |     4 |     5 |     1 |    11 ||    24
 Abil: Spit Poison       |    17 |    41 |    42 |     7 |     2 |       |     1 |     1 |       ||   111
       End Transformatio |       |       |    14 |    37 |    16 |     6 |    29 |    34 |    37 ||   173
       Evoke Berserk Rag |       |       |       |       |       |     1 |     1 |       |     1 ||     3
       Evoke Flight      |       |       |       |       |       |       |       |       |     5 ||     5
       Stop Flying       |       |       |       |       |       |       |       |       |     1 ||     1
Evoke: Wand              |       |     5 |     1 |    11 |     1 |    12 |    11 |     6 |     5 ||    52
       Sack of spiders   |       |       |       |       |       |       |       |       |     2 ||     2
       Phial of floods   |       |       |       |       |       |       |       |       |     1 ||     1
  Use: Scroll            |       |     6 |     9 |     8 |    11 |    16 |    16 |    14 |    16 ||    96
       Potion            |       |     1 |     1 |     2 |     2 |     8 |     4 |     3 |    25 ||    46
 Stab: Sleeping          |       |       |       |     3 |     2 |     2 |     1 |       |       ||     8
       Distracted        |       |       |       |       |     2 |     1 |     1 |       |     1 ||     5
       Petrifying        |       |       |       |       |       |       |       |       |     1 ||     1
       Invisible         |       |       |       |       |       |       |       |       |     4 ||     4
  Eat: Chunk             |     3 |    12 |    24 |    53 |    84 |    84 |   106 |    54 |    27 ||   447
       Pizza             |       |     1 |       |       |       |       |     1 |       |     4 ||     6
       Bread ration      |       |       |       |       |       |       |       |       |     8 ||     8
